 Dungeon Crawl Stone Soup version 0.16-a0-223-g37887f7 (webtiles) character file.

140050 PolkaDot the Maledictor (level 16, -19/111 HPs)
             Began as a Vampire Enchanter on Aug 18, 2014.
             Was the Champion of Ashenzari.
             Killed from afar by a shock serpent (26 damage)
             ... with a bolt of electricity
             ... on Level 5 of the Snake Pit.
             The game lasted 03:32:08 (45068 turns).

PolkaDot the Maledictor (Vampire Enchanter)        Turns: 45068, Time: 03:32:08

HP -19/111       AC 14     Str 14      XL: 16   Next: 75%
MP   1/30        EV 15     Int 25      God: Ashenzari [******]
Gold 970         SH  6     Dex 15      Spells:  8 memorised,  0 levels left

rFire  . . .     SeeInvis +     b - +5 dagger (speed) (curse)
rCold  + + +     Clarity  +     V - +0 steam dragon armour of Tyodoif {Str+2 Int+4}
rNeg   + + +     rCorr    .     J - +0 buckler (curse)
rPois  +         rRot     +     A - +1 helmet (curse)
rElec  .         Spirit   .     y - +0 cloak (curse)
SustAb .         Warding  .     Y - +2 pair of gloves {Str+3} (curse)
rMut   .         Stasis   .     u - +2 pair of boots (curse)
Gourm  .                        D - cursed amulet of faith
MR     +....                    Q - cursed ring of Huvvoev {+Blink +Inv rC+}
                                Z - cursed ring "Faheli" {+cTele Int+2 Slay+3}

@: very slightly contaminated, regenerating slowly, hasted, very quick, somewhat
resistant to hostile enchantments, uncannily stealthy
A: bottle blood, fangs 3, see invisible, dopey 1, strong 1, unbreathing, placid
magic 1
a: Bat Form, Bottle Blood, Scrying, Transfer Knowledge, Renounce Religion, Evoke
Blink, Evoke Invisibility, Evoke Teleport Control


You were on level 5 of the Snake Pit.
You worshipped Ashenzari.
Ashenzari was exalted by your worship.
You were near bloodless.

You visited 4 branches of the dungeon, and saw 29 of its levels.
You also visited: Labyrinth, Sewer, Ossuary and Ice Cave.

You collected 2202 gold pieces.
You spent 1232 gold pieces at shops.

Inventory:

Hand weapons
 b - a cursed +5 dagger of speed (weapon)
Missiles
 P - 3 throwing nets (quivered)
Armour
 u - a cursed +2 pair of boots (worn)
 y - a cursed +0 cloak (worn)
 A - a cursed +1 helmet (worn)
 J - a cursed +0 buckler (worn)
 V - the cursed +0 steam dragon armour of Tyodoif (worn) {Str+2 Int+4}
   (You bought it in a shop on level 9 of the Dungeon)

   It affects your strength (+2).
   It affects your intelligence (+4).
   It has a curse placed upon it.
 Y - a cursed +2 pair of gloves of strength (worn)
Magical devices
 h - a wand of teleportation (3)
 j - a wand of draining (4)
 k - a wand of lightning (4)
 p - a wand of cold (5)
 q - a wand of paralysis (2)
 z - a wand of fire (4)
Scrolls
 d - 4 scrolls of magic mapping
 f - 5 scrolls of identify
 g - 6 scrolls of fear
 i - 7 scrolls of fog
 l - 10 scrolls of teleportation
 m - 4 scrolls of immolation
 r - 2 scrolls of vulnerability
 F - 5 scrolls of curse weapon
 G - a scroll of amnesia
 H - 8 scrolls of remove curse
 I - 3 scrolls of noise
 L - 5 scrolls of recharging
Jewellery
 a - an uncursed ring of poison resistance
 D - a cursed amulet of faith (around neck)
 Q - the cursed ring of Huvvoev (right hand) {+Blink +Inv rC+}
   (You found it on level 1 of the Lair of Beasts)

   [ring of invisibility]

   It protects you from cold.
   It lets you turn invisible.
   It lets you blink.
   It has a curse placed upon it.
 Z - the cursed ring "Faheli" (left hand) {+cTele Int+2 Slay+3}
   (You found it on level 8 of the Lair of Beasts)

   [ring of teleport control]

   It can be evoked for teleport control.
   It affects your intelligence (+2).
   It affects your accuracy and damage with ranged weapons and melee attacks
   (+3).
   It has a curse placed upon it.
Potions
 o - 5 potions of curing
 s - 4 potions of restore abilities
 t - 4 potions of resistance
 v - 2 potions of haste
 w - 5 potions of agility
 x - 4 potions of flight
 C - 4 potions of cancellation
Books
 c - a book of Enchantments

   Spells                             Type                      Level
   Tukima's Dance                     Hexes                        3
   Cause Fear                         Hexes                        4
   Silence                            Hexes/Air                    5
   *Deflect Missiles                  Charms/Air                   6
   Haste                              Charms                       6
   *Discord                           Hexes                        8
 O - a book of Party Tricks

   Spells                             Type                      Level
   Summon Butterflies                 Summoning                    1
   *Apportation                       Translocation                1
   Blink                              Translocation                2
   Tukima's Dance                     Hexes                        3
   Alistair's Intoxication            Transmutation/Poison         4


   Skills:
 - Level 5.8 Fighting
 - Level 10.5(14.7) Short Blades
 - Level 2.1(5.5) Dodging
 + Level 20.4(23.9) Stealth
 - Level 5.0(8.0) Shields
 + Level 6.2 Spellcasting
 + Level 23.0(26.3) Hexes
 * Level 8.6(13.0) Charms
 - Level 2.6(6.2) Translocations
 - Level 1.0(3.5) Ice Magic
 - Level 2.4(6.0) Air Magic
 - Level 12.3(16.4) Evocations


You couldn't memorise any spells.
You knew the following spells:

 Your Spells              Type           Power        Failure   Level  Hunger
a - Corona                Hex            #######      0%          1    None
b - Sure Blade            Hex/Chrm       ######....   0%          2    None
c - Confuse               Hex            #######.     0%          3    #......
d - Ensorcelled Hibernat  Hex/Ice        ######       0%          2    None
e - Enslavement           Hex            #######.     0%          4    ###....
z - Discord               Hex            #######...   1%          8    #######
A - Apportation           Tloc           ####......   1%          1    None
D - Deflect Missiles      Chrm/Air       #####.....   13%         6    ######.


Dungeon Overview and Level Annotations

Branches:
Dungeon (15/15)            Temple (1/1) D:6             Orc (0/4) D:11
   Lair (8/8) D:8          Shoals (0/5) Lair:3        Snake (5/5) Lair:6
  Slime (0/6) Lair:8       Vaults (0/5) D:13         Depths (0/5) D:15

Altars:
Ashenzari
Cheibriados
Dithmenos
Elyvilon
Fedhas
Gozag
Kikubaaqudgha
Makhleb
Nemelex Xobeh
Okawaru
Qazlal
Sif Muna
Trog
Vehumet
Xom
Yredelemnul
Zin
The Shining One

Shops:
D:5 %   D:7 }   D:9 %=[   D:15 }   Snake:2 *   Snake:3 !

Portals:
Hell: Lair:8


Innate Abilities, Weirdness & Mutations

You heal slowly.
You can bottle blood from corpses.
You have razor-sharp teeth.
You have supernaturally acute eyesight.
You can survive without breathing.
You are dopey. (Int -2)
Your muscles are strong. (Str +2)
Your spells are a little easier to cast, but a little less powerful.


Message History

Confirm with . or Enter, or press ? or * to list all spells.
Aiming: Confuse
Press: ? - help, Shift-Dir - straight line, f/p - shock serpent
Aim: a shock serpent The shock serpent struggles to resist.
* * * LOW MAGIC WARNING * * *
The shock serpent bites you!
* * * LOW HITPOINT WARNING * * *
The shock serpent shocks you!
* * * LOW HITPOINT WARNING * * *
Drink which item? (? for menu, Esc to quit)
Okay, then.
Use which ability? (? or * to list)
You blink.
* * * LOW MAGIC WARNING * * *
Drink which item? (? for menu, Esc to quit)
You feel yourself speed up.
The shock serpent shoots out a bolt of electricity!
The bolt of electricity hits you!
You die...

**
...........#...#..|#......<.
##...###...#...##...........
*###.*,###.#....#...........
**,,. ,,#.'.####..........#
*, ,. *
,,#.###.............# *,, *
,,#...........#...... *
,,.*,,,#..........##......
***** .$..+
#.................. #{
,.....#, #.@........<.......
#**,
.....#####..................
,
*#..........................
,
#......S##.}..........#####
,
,,,#.......###)..........#,,
* , , ,
+.......##......###...#, , ,
, ,,#.......###.....# #...#*
* ### ###........##....##
.....,,,
..###.......[........# #...
***


You could see a shock serpent.

Vanquished Creatures
  Vashnia (Snake:4)
  A greater naga (Snake:4)
  The ghost of casual the Spry, a powerful OpTm of Okawaru (D:13)
  The ghost of patnam the Fencer, a powerful MiFi of Trog (Snake:2)
  A dire elephant (Lair:8)
  The ghost of megamayne420 the Bludgeoner, a powerful OgBe of Trog (D:12)
  A minotaur (Lab)
  3 vault guards (D:13)
  The ghost of Infinimo the Earth Mage, a powerful DDEE of Makhleb (Lair:2)
  2 ice dragons (D:15)
  5 naga warriors
  9 hydras
  7 anacondas
  3 centaur warriors
  4 death yaks (Lair:5)
  The ghost of wullow the Conjurer, an experienced OgCj of Sif Muna (D:8)
  An ogre mage (D:15)
  11 naga sharpshooters
  3 shock serpents
  A sun demon (Lair:8)
  A catoblepas (Lair:8)
  5 sea snakes (Snake:3)
  6 wizards
  3 skeletal warriors (D:15)
  3 unseen horrors
  A necromancer (D:13)
  8 naga ritualists
  8 hill giants
  6 salamanders
  3 oklob plants
  10 mana vipers
  10 ugly things (D:15)
  2 cyclopes
  4 griffons
  2 guardian serpents (Snake:1)
  37 black mambas
  2 mermaids (Lair:3)
  A sixfirhy (Lair:8)
  A manticore (D:15)
  9 elephants
  5 naga magi
  A smoke demon (Lair:8)
  A feature mimic (Lair:6)
  A queen ant (Lair:7)
  3 torpor snails
  A gargoyle (D:14)
  An item mimic (D:12)
  11 spiny frogs
  2 orange demons (Lair:8)
  9 komodo dragons
  A kobold demonologist (D:15)
  A red devil (Lair:8)
  3 trolls
  A hydra skeleton (D:15)
  2 merfolk (Lair:3)
  3 blue devils (Lair:8)
  2 polar bears
  4 blink frogs (Lair:8)
  A raiju (shapeshifter) (D:14)
  A boulder beetle (Lair:4)
  3 two-headed ogres
  A raven (D:15)
  3 deep elf magi
  2 basilisks
  A vampire (D:13)
  8 slime creatures
  2 trapdoor spiders
  2 wraiths
  3 shadows
  50 yaks
  15 humans (D:13)
  A spriggan (Lair:6)
  A hill giant zombie (D:15)
  3 hungry ghosts
  2 steam dragons
  11 hippogriffs
  3 vampire mosquitoes (D:12)
  3 hill giant skeletons
  19 wolves
  9 soldier ants (Lair:7)
  19 nagas
  37 water moccasins
  A hell hound (Lair:8)
  14 porcupines
  11 ogres
  3 black bears
  9 centaurs
  A yellow wasp (D:7)
  3 sky beasts
  13 ice beasts
  3 boring beetles
  16 orc warriors
  7 crocodiles
  7 big kobolds
  22 giant frogs
  2 water moccasin zombies (Ossuary)
  A yaktaur skeleton (D:15)
  3 scorpions
  3 eyes of draining (D:11)
  3 spriggan skeletons (D:9)
  2 vampire bats (D:8)
  12 killer bees
  A goliath beetle (D:9)
  9 hounds
  8 crimson imps
  23 wights
  A human zombie (D:4)
  4 jellies
  2 quasits
  8 orc priests
  Natasha (thrice) (D:4)
  9 orc wizards
  2 elf skeletons
  27 worker ants
  10 iguanas
  14 sheep
  A big kobold zombie (Ossuary)
  Jessica (D:3)
  2 ogre skeletons
  2 mummies (Ossuary)
  29 adders
  52 green rats
  7 gnolls
  5 shadow imps
  2 giant mites (D:3)
  12 white imps (D:13)
  6 worms
  An adder skeleton (D:6)
  7 adder zombies
  4 orc skeletons
  2 giant geckos
  An ooze (D:1)
  68 orcs
  5 ball pythons
  3 bat skeletons (D:8)
  A bat zombie (D:8)
  6 giant cockroaches
  11 goblins
  13 hobgoblins
  11 jackals
  20 quokkas
  7 bats
  4 giant newts
  A giant spore (D:9)
  5 gnoll zombies (Ossuary)
  A goblin skeleton (D:4)
  8 hobgoblin zombies (Ossuary)
  29 kobolds
  5 kobold zombies (Ossuary)
  4 orc zombies (Ossuary)
  A quokka zombie (D:5)
  19 rats
  A rat zombie (D:4)
  10 ballistomycetes
  2 plants
1058 creatures vanquished.

Vanquished Creatures (collateral kills)
  Harold (Lair:6)
  A shock serpent (Snake:4)
  3 naga sharpshooters
  A hill giant (D:11)
  A mana viper (Snake:2)
  A black mamba (Snake:4)
  A guardian serpent (Snake:4)
  3 orange demons (Lair:8)
  A centaur skeleton (D:12)
  4 naga magi (Snake:5)
  A spriggan (Lair:6)
  A yak (D:11)
  6 nagas
  A wolf (Lair:6)
  A giant frog (D:10)
  A yak zombie (D:11)
  2 wights (D:10)
  2 jellies (D:11)
  An iguana (D:11)
  A big kobold skeleton (D:7)
  An adder (D:11)
  An orc (D:9)
  A giant spore (D:10)
37 creatures vanquished.

Vanquished Creatures (others)
  A naga mage (Snake:5)
  A naga (Snake:5)
  An orc (D:13)
  A bush (Lair:8)
  18 fungi
  15 plants (Lair:8)
37 creatures vanquished.

Grand Total: 1132 creatures vanquished

Notes
Turn   | Place    | Note
--------------------------------------------------------------
     0 | D:1      | PolkaDot, the Vampire Enchanter, began the quest for the Orb.
     0 | D:1      | Reached XP level 1. HP: 13/13 MP: 3/3
    82 | D:1      | Reached XP level 2. HP: 10/19 MP: 4/4
   413 | D:1      | Learned a level 2 spell: Ensorcelled Hibernation
   430 | D:1      | Reached skill level 5 in Hexes
  1320 | D:2      | Reached XP level 3. HP: 24/24 MP: 6/6
  1325 | D:2      | Learned a level 3 spell: Confuse
  1490 | D:2      | Found a sparkling altar of Nemelex Xobeh.
  1491 | D:2      | Found a blossoming altar of Fedhas.
  1495 | D:2      | Found a snail-covered altar of Cheibriados.
  1495 | D:2      | Found a shattered altar of Ashenzari.
  1496 | D:2      | Found a stormy altar of Qazlal.
  1497 | D:2      | Found a glowing golden altar of the Shining One.
  1497 | D:2      | Found a burning altar of Makhleb.
  1498 | D:2      | Found a deep blue altar of Sif Muna.
  1503 | D:2      | Became a worshipper of Ashenzari the Shackled
  1720 | D:2      | Reached skill level 6 in Hexes
  1720 | D:2      | Reached skill level 1 in Ice Magic
  1728 | D:2      | Reached XP level 4. HP: 30/30 MP: 0/7
  2634 | D:3      | Reached skill level 5 in Stealth
  2698 | D:3      | Reached XP level 5. HP: 23/35 MP: 2/9
  2709 | D:3      | Gained mutation: Your muscles are strong. (Str +2) [potion of mutation]
  2709 | D:3      | Gained mutation: You are dopey. (Int -2) [potion of mutation]
  2709 | D:3      | Gained mutation: Your spells are a little easier to cast, but a little less powerful. [potion of mutation]
  2723 | D:3      | Reached skill level 7 in Hexes
  2750 | D:3      | Found a glowing drain.
  2754 | Sewer    | Entered a sewer
  3722 | Sewer    | Reached XP level 6. HP: 21/41 MP: 1/10
  4148 | Sewer    | Reached skill level 8 in Hexes
  4426 | Sewer    | Reached skill level 9 in Hexes
  4426 | Sewer    | Reached XP level 7. HP: 46/46 MP: 0/12
  4789 | D:3      | Noticed Jessica
  4796 | D:3      | Killed Jessica
  4802 | D:3      | Found a deep blue altar of Sif Muna.
  5126 | D:3      | Found a radiant altar of Vehumet.
  5336 | D:4      | Found a sand-covered staircase.
  5442 | Ossuary  | Entered an ossuary
  5647 | Ossuary  | Reached skill level 10 in Hexes
  6077 | Ossuary  | Reached skill level 5 in Short Blades
  6277 | D:4      | Reached XP level 8. HP: 26/52 MP: 6/13
  6493 | D:4      | Found a shimmering altar of Xom.
  6493 | D:4      | Found a shimmering altar of Xom.
  6494 | D:4      | Found a shimmering altar of Xom.
  6494 | D:4      | Found a shimmering altar of Xom.
  6494 | D:4      | Found a shimmering altar of Xom.
  6500 | D:4      | Learned a level 4 spell: Enslavement
  6771 | D:4      | Noticed Natasha
  6781 | D:4      | Killed Natasha
  6845 | D:4      | Noticed Natasha
  6852 | D:4      | Killed Natasha
  6933 | D:4      | Found a bloodstained altar of Trog.
  6967 | D:5      | Entered Level 5 of the Dungeon
  6967 | D:5      | Acquired Ashenzari's first power
  7031 | D:4      | Noticed Natasha
  7050 | D:4      | Killed Natasha
  7260 | D:5      | Found Sihogus' Food Boutique.
  7758 | D:5      | Reached skill level 11 in Hexes
  8036 | D:6      | Reached skill level 1 in Shields
  8337 | D:6      | Found a staircase to the Ecumenical Temple.
  8359 | Temple   | Entered the Ecumenical Temple
  8372 | Temple   | Acquired Ashenzari's second power
  8987 | D:7      | Reached XP level 9. HP: 50/57 MP: 11/14
  9418 | D:7      | Reached skill level 12 in Hexes
  9680 | D:6      | Reached skill level 5 in Shields
 10279 | D:7      | Acquired Ashenzari's third power
 10281 | D:7      | Found Shraleuri's Gadget Boutique.
 10704 | D:8      | Found a staircase to the Lair.
 10730 | D:8      | Reached skill level 13 in Hexes
 11069 | D:8      | Noticed wullow's ghost (experienced OgCj)
 11428 | D:8      | Killed wullow's ghost
 11428 | D:8      | Reached XP level 10. HP: 46/63 MP: 3/16
 11546 | D:8      | Learned a level 2 spell: Sure Blade
 11677 | D:8      | Found an ancient bone altar of Kikubaaqudgha.
 11681 | D:8      | Reached skill level 10 in Stealth
 11761 | D:9      | Reached skill level 14 in Hexes
 11778 | D:9      | Noticed an unseen horror
 11790 | D:9      | Killed an unseen horror
 11953 | D:9      | Found Netoxig's Antique Armour Shoppe.
 12006 | D:9      | Found Cutan's Jewellery Shoppe.
 12352 | D:9      | Reached skill level 15 in Hexes
 12649 | D:9      | Found Cliatz's Food Shop.
 12652 | D:9      | Found an opulent altar of Gozag.
 12719 | D:9      | Acquired Ashenzari's fourth power
 13106 | D:10     | Entered Level 10 of the Dungeon
 13979 | D:10     | Reached XP level 11. HP: 68/68 MP: 17/17
 14409 | D:10     | Identified the cursed -5 leather armour of the Hippo {Str-3 Dex-3} (You took it off an orc on level 10 of the Dungeon)
 14708 | D:11     | Reached skill level 16 in Hexes
 14725 | D:11     | Noticed a hill giant
 14737 | D:11     | Killed a hill giant
 15439 | D:11     | Reached skill level 10 in Short Blades
 15595 | D:11     | Found a staircase to the Orcish Mines.
 16251 | D:12     | Noticed a centaur warrior
 16260 | D:12     | Killed a centaur warrior
 16260 | D:12     | Reached skill level 17 in Hexes
 16477 | D:12     | Learned a level 1 spell: Apportation
 16801 | Lair:1   | Entered Level 1 of the Lair of Beasts
 16809 | Lair:1   | Identified the ring of Huvvoev {+Blink +Inv rC+}
 18100 | Lair:1   | Noticed a six-headed hydra
 18106 | Lair:1   | Killed a six-headed hydra
 18106 | Lair:1   | Reached skill level 1 in Evocations
 18346 | Lair:2   | Identified the ring of Undoing {Str+2 Stlth-}
 18460 | Lair:2   | Reached XP level 12. HP: 74/74 MP: 18/18
 18468 | Lair:2   | Reached skill level 18 in Hexes
 19790 | Lair:2   | Noticed Infinimo's ghost (powerful DDEE)
 19816 | Lair:2   | Killed Infinimo's ghost
 19834 | Lair:3   | Reached skill level 19 in Hexes
 20090 | Lair:3   | Found a staircase to the Shoals.
 20112 | Lair:3   | Noticed an eight-headed hydra
 20115 | Lair:3   | Killed an eight-headed hydra
 20115 | Lair:3   | Reached skill level 5 in Evocations
 21275 | Lair:4   | Noticed a five-headed hydra
 21280 | Lair:4   | Reached skill level 15 in Stealth
 21282 | Lair:4   | Killed a five-headed hydra
 21837 | Lair:4   | Noticed an eight-headed hydra
 21839 | Lair:4   | Killed an eight-headed hydra
 22800 | Lair:5   | Reached XP level 13. HP: 79/79 MP: 19/22
 22866 | Lair:5   | Reached skill level 20 in Hexes
 23320 | D:9      | Bought a slimy steam dragon armour for 1080 gold pieces
 23320 | D:9      | Identified the +0 steam dragon armour of Tyodoif {Str+2 Int+4} (You bought it in a shop on level 9 of the Dungeon)
 24479 | Lair:6   | Found a hole to the Spider Nest.
 24479 | Lair:6   | the hole to the Spider Nest was a mimic.
 25193 | Lair:6   | Found a staircase to the Snake Pit.
 25612 | Lair:6   | Noticed Harold
 25627 | Lair:6   | Killed Harold
 26273 | Lair:7   | Found a labyrinth entrance.
 26290 | Lab      | Entered a labyrinth
 26391 | Lab      | Identified the +0 scimitar of Inquiry {slice, Str+1 Dex+2}
 26421 | Lab      | Identified a +8 rod of the swarm (13/13)
 26800 | Lair:7   | Reached skill level 21 in Hexes
 27749 | Lair:8   | Entered Level 8 of the Lair of Beasts
 28040 | Lair:8   | Found an iron altar of Okawaru.
 28062 | Lair:8   | Reached XP level 14. HP: 85/85 MP: 26/26
 28432 | Lair:8   | Found a blossoming altar of Fedhas.
 28555 | Lair:8   | Noticed a dire elephant
 28568 | Lair:8   | Killed a dire elephant
 28585 | Lair:8   | Reached skill level 10 in Evocations
 29075 | Lair:8   | Found a staircase to the Slime Pits.
 29666 | Lair:8   | Found a burning altar of Makhleb.
 29666 | Lair:8   | Found a gateway to Hell.
 29724 | Lair:8   | Identified the cursed ring "Faheli" {+cTele Int+2 Slay+3}
 30235 | D:9      | Bought a glowing leather armour for 48 gold pieces
 30235 | D:9      | Bought a runed leather armour for 48 gold pieces
 30318 | D:12     | Noticed megamayne420's ghost (powerful OgBe)
 30336 | D:12     | HP: 2/85 [megamayne420's ghost (42)]
 30369 | D:12     | Killed megamayne420's ghost
 30835 | D:12     | Noticed a hill giant
 30837 | D:12     | Killed a hill giant
 30920 | D:12     | Noticed a hill giant
 30922 | D:12     | Killed a hill giant
 31231 | D:13     | Found a frozen archway.
 31379 | IceCv    | Entered an ice cave
 31647 | D:13     | Identified the cursed ring "Mesye" {MR+ Str-2 Curse}
 31673 | D:13     | Noticed casual's ghost (powerful OpTm)
 31935 | D:13     | Killed casual's ghost
 32170 | D:13     | Found a gate to the Vaults.
 32342 | D:13     | Reached skill level 22 in Hexes
 33528 | D:13     | Reached XP level 15. HP: 90/90 MP: 29/29
 34393 | D:14     | Identified the cursed -2 robe of Hyere {Dex+1 Int+3} (You took it off a deep elf mage on level 14 of the Dungeon)
 34578 | D:14     | Reached skill level 1 in Fighting
 35443 | D:15     | Entered Level 15 of the Dungeon
 35585 | D:15     | Found an opulent altar of Gozag.
 35925 | D:15     | Found a staircase to the Depths.
 36542 | D:15     | Found Xeunt's Gadget Emporium.
 37353 | D:15     | Reached skill level 5 in Fighting
 37670 | Lair:6   | Upgraded the game from 0.16-a0-212-g3ed950e to 0.16-a0-223-g37887f7
 37671 | Snake:1  | Entered Level 1 of the Snake Pit
 38630 | Snake:2  | Found Nerydinysu's General Store.
 38634 | Snake:2  | Bought a scroll of immolation for 56 gold pieces
 38729 | Snake:3  | Found Ploimonn's Distillery.
 38794 | Snake:2  | Noticed patnam's ghost (powerful MiFi)
 38807 | Snake:2  | Killed patnam's ghost
 38807 | Snake:2  | Reached skill level 1 in Translocations
 38882 | Snake:2  | Found a shadowy altar of Dithmenos.
 40286 | Snake:3  | Reached skill level 1 in Charms
 40311 | Snake:3  | Learned a level 6 spell: Deflect Missiles
 40372 | Snake:3  | Reached skill level 1 in Air Magic
 40561 | Snake:3  | Reached XP level 16. HP: 70/111 MP: 27/30
 42047 | Snake:4  | Reached skill level 5 in Charms
 42154 | Snake:4  | Noticed Vashnia
 42181 | Snake:4  | Killed Vashnia
 42213 | Snake:4  | Reached skill level 5 in Spellcasting
 43810 | Snake:5  | Entered Level 5 of the Snake Pit
 44712 | Snake:5  | Reached skill level 23 in Hexes
 44730 | Snake:5  | Learned a level 8 spell: Discord
 45068 | Snake:5  | Killed from afar by a shock serpent

Action                   |  1- 3 |  4- 6 |  7- 9 | 10-12 | 13-15 | 16-18 || total
-------------------------+-------+-------+-------+-------+-------+-------++-------
Melee: Dagger            |    62 |   148 |   422 |   567 |   807 |   189 ||  2195
 Cast: Ensorcelled Hiber |    11 |    48 |    97 |   141 |   177 |    85 ||   559
       Corona            |       |     4 |     4 |     1 |     8 |     4 ||    21
       Confuse           |       |       |    38 |    35 |    38 |    35 ||   146
       Enslavement       |       |       |     5 |     7 |    29 |    16 ||    57
       Sure Blade        |       |       |       |       |     3 |    10 ||    13
       Deflect Missiles  |       |       |       |       |       |     4 ||     4
       Discord           |       |       |       |       |       |     2 ||     2
Invok: Scrying           |       |       |       |     1 |     1 |       ||     2
 Abil: End Transformatio |       |     1 |       |       |       |       ||     1
       Bat Form          |       |     1 |       |       |       |       ||     1
       Evoke Invisibilit |       |       |       |    10 |    40 |     2 ||    52
       Turn Visible      |       |       |       |     2 |    15 |       ||    17
       Evoke Blink       |       |       |       |       |     1 |     4 ||     5
       Evoke Teleport Co |       |       |       |       |       |     2 ||     2
Evoke: Wand              |       |       |    19 |       |     7 |     1 ||    27
  Use: Potion            |       |     9 |    15 |     3 |    11 |     7 ||    45
       Scroll            |       |     3 |    25 |     6 |    25 |     6 ||    65
 Stab: Sleeping          |    19 |    30 |    96 |   184 |   313 |    63 ||   705
       Distracted        |     1 |       |       |     8 |     6 |     3 ||    18
       Confused          |       |       |    23 |    18 |    21 |    12 ||    74
       Paralysed         |       |       |     8 |       |       |       ||     8
       Betrayed ally     |       |       |     1 |       |     5 |     1 ||     7
       Invisible         |       |       |       |     2 |    87 |       ||    89
  Eat: Corpse            |       |     2 |     1 |     1 |     3 |     1 ||     8
